TOP OF THE 1ST |
Minnesota Death Stars batting - Pitching for Manhatten Meatheads : RHP Iván Maldonado
|
Pitching: RHP Iván Maldonado
|
|
Batting: RHB Sergio Calderón
|
0-0: Foul Ball, location: 2F 0-1: Ball 1-1: Fly out, F5 (Popup, 56)
|
Batting: RHB Mike Wagner
|
0-0: Called Strike 0-1: Foul Ball, location: 2F 0-2: Ball 1-2: Fly out, F8 (Flyball, 8RM)
|
Batting: RHB William Robinson
|
0-0: Foul Ball, location: 2F 0-1: Swinging Strike 0-2: Strikes out swinging
|
Top of the 1st over - 0 run(s), 0 hit(s), 0 error(s), 0 left on base; Minnesota 0 - Manhatten 0 |
BOTTOM OF THE 1ST |
Manhatten Meatheads batting - Pitching for Minnesota Death Stars : RHP Albert Colwill
|
Pitching: RHP Albert Colwill
|
|
Batting: SHB Cornell Payne
|
0-0: Foul Ball, location: 2F 0-1: Foul Ball, location: 2F 0-2: Foul Ball, location: 2F 0-2: Strikes out swinging
|
Batting: RHB Adrián López
|
0-0: Called Strike 0-1: Ball 1-1: SINGLE (Line Drive, 7S)
|
Batting: RHB Denver Baker
|
0-0: Foul Ball, location: 2F 0-1: Ball 1-1: Ball 2-1: Called Strike 2-2: Ball 3-2: Base on Balls Adrián López to second
|
Batting: LHB Robbie Turner
|
0-0: Ball 1-0: Foul Ball, location: 2F 1-1: Ball 2-1: Ball 3-1: Fly out, F7 (Flyball, 7LS)
|
Batting: RHB Craig Chapman
|
0-0: Called Strike 0-1: SINGLE (Groundball, 6MD) Adrián López to third Denver Baker to second Runner from 3rd tries for Home, SAFE, no throw
|
Batting: LHB Miguel Pérez
|
0-0: Ball 1-0: Called Strike 1-1: Foul Ball, location: 2F 1-2: Strikes out swinging
|
Bottom of the 1st over - 1 run(s), 2 hit(s), 0 error(s), 2 left on base; Minnesota 0 - Manhatten 1 |
TOP OF THE 2ND |
Minnesota Death Stars batting - Pitching for Manhatten Meatheads : RHP Iván Maldonado
|
Batting: RHB Christian Moss
|
0-0: Foul Ball, location: 2F 0-1: Fly out, F8 (Flyball, 89M)
|
Batting: RHB Raúl Flores
|
0-0: Ball 1-0: Called Strike 1-1: Foul Ball, location: 2F 1-2: Strikes out swinging
|
Batting: RHB Kel Weeks
|
0-0: Ball 1-0: Ball 2-0: SINGLE (Line Drive, 78S)
|
Batting: RHB Vaughan Tillman
|
0-0: Called Strike 0-1: Foul Ball, location: 2F 0-2: Ball 1-2: Foul Ball, location: 2F 1-2: Ball 2-2: Foul Ball, location: 2F 2-2: Fielders Choice at 2nd, 5-4 (Groundball, 56)
|
Top of the 2nd over - 0 run(s), 1 hit(s), 0 error(s), 0 left on base; Minnesota 0 - Manhatten 1 |
BOTTOM OF THE 2ND |
Manhatten Meatheads batting - Pitching for Minnesota Death Stars : RHP Albert Colwill
|
Batting: RHB Ramiro Santana
|
0-0: Called Strike 0-1: Ball 1-1: Called Strike 1-2: Ball 2-2: Strikes out swinging
|
Batting: RHB José Esparza
|
0-0: Called Strike 0-1: Ball 1-1: Called Strike 1-2: Ground out 6-3 (Groundball, 6)
|
Batting: RHB Lúcio Sánchez
|
0-0: Fly out, F9 (Flyball, 9S)
|
Bottom of the 2nd over - 0 run(s), 0 hit(s), 0 error(s), 0 left on base; Minnesota 0 - Manhatten 1 |
TOP OF THE 3RD |
Minnesota Death Stars batting - Pitching for Manhatten Meatheads : RHP Iván Maldonado
|
Batting: RHB Sean King
|
0-0: Ball 1-0: Called Strike 1-1: SINGLE (Groundball, 56D)
|
Batting: RHB Pat Bray
|
0-0: Foul Ball, location: 2F 0-1: Ball 1-1: Ball 2-1: Foul Ball, location: 2F 2-2: Strikes out swinging
|
Batting: RHB Sergio Calderón
|
0-0: Ball 1-0: Ball 2-0: Swinging Strike 2-1: Ball 3-1: Swinging Strike 3-2: Strikes out swinging Sean King steals 2nd base Batter strikes out.
|
Batting: RHB Mike Wagner
|
0-0: Ball 1-0: Ball 2-0: Called Strike 2-1: SINGLE (Groundball, 23) (infield hit) Sean King to third
|
Batting: RHB William Robinson
|
0-0: Ball Wild Pitch! Sean King scores Mike Wagner to second 1-0: Ball 2-0: Foul Ball, location: 2F 2-1: Foul Ball, location: 2F 2-2: Ball 3-2: Base on Balls
|
Batting: RHB Christian Moss
|
0-0: Fielders Choice at 2nd, 6-4 (Groundball, 6)
|
Top of the 3rd over - 1 run(s), 2 hit(s), 0 error(s), 1 left on base; Minnesota 1 - Manhatten 1 |
BOTTOM OF THE 3RD |
Manhatten Meatheads batting - Pitching for Minnesota Death Stars : RHP Albert Colwill
|
Batting: SHB Cornell Payne
|
0-0: Called Strike 0-1: SINGLE (Groundball, 6MD)
|
Batting: RHB Adrián López
|
0-0: DOUBLE (Line Drive, 9LM) Cornell Payne to third
|
Batting: RHB Denver Baker
|
0-0: Called Strike 0-1: Foul Ball, location: 2F 0-2: Ball 1-2: Ball 2-2: Strikes out looking
|
Batting: LHB Robbie Turner
|
0-0: Called Strike 0-1: Foul Ball, location: 2F 0-2: Ground out 4-3 (Groundball, 4) Cornell Payne scores Adrián López to third
|
Batting: RHB Craig Chapman
|
0-0: Ball 1-0: Fly out, F9 (Flyball, 9S)
|
Bottom of the 3rd over - 1 run(s), 2 hit(s), 0 error(s), 1 left on base; Minnesota 1 - Manhatten 2 |
TOP OF THE 4TH |
Minnesota Death Stars batting - Pitching for Manhatten Meatheads : RHP Iván Maldonado
|
Batting: RHB Raúl Flores
|
0-0: Ball 1-0: SINGLE (Line Drive, 6MD)
|
Batting: RHB Kel Weeks
|
0-0: Ball Raúl Flores is caught stealing 2nd base 1-0: Fly out, F8 (Line Drive, 8LM)
|
Batting: RHB Vaughan Tillman
|
0-0: Swinging Strike 0-1: Ball 1-1: Swinging Strike 1-2: Ball 2-2: Ground out 5-3 (Groundball, 56S)
|
Top of the 4th over - 0 run(s), 1 hit(s), 0 error(s), 0 left on base; Minnesota 1 - Manhatten 2 |
BOTTOM OF THE 4TH |
Manhatten Meatheads batting - Pitching for Minnesota Death Stars : RHP Albert Colwill
|
Batting: LHB Miguel Pérez
|
0-0: Ball 1-0: TRIPLE (Flyball, 78D)
|
Batting: RHB Ramiro Santana
|
0-0: Ball 1-0: Ball 2-0: Ball 3-0: Called Strike 3-1: Base on Balls
|
Batting: RHB José Esparza
|
0-0: Called Strike 0-1: Grounds into double play, 5-4-3 (Groundball, 5) Miguel Pérez scores
|
Batting: RHB Lúcio Sánchez
|
0-0: Ball 1-0: Foul Ball, location: 2F 1-1: Called Strike 1-2: Strikes out looking
|
Bottom of the 4th over - 1 run(s), 1 hit(s), 0 error(s), 0 left on base; Minnesota 1 - Manhatten 3 |
TOP OF THE 5TH |
Minnesota Death Stars batting - Pitching for Manhatten Meatheads : RHP Iván Maldonado
|
Batting: RHB Sean King
|
0-0: Ball 1-0: Ball 2-0: Ground out 5-3 (Groundball, 56S)
|
Batting: RHB Pat Bray
|
0-0: Ground out 5-3 (Groundball, 5S)
|
Batting: RHB Sergio Calderón
|
0-0: SINGLE (Line Drive, 6M)
|
Batting: RHB Mike Wagner
|
0-0: Ball 1-0: Ball 2-0: Ball 3-0: Called Strike 3-1: Ground out 1-3 (Groundball, 13S)
|
Top of the 5th over - 0 run(s), 1 hit(s), 0 error(s), 1 left on base; Minnesota 1 - Manhatten 3 |
BOTTOM OF THE 5TH |
Manhatten Meatheads batting - Pitching for Minnesota Death Stars : RHP Albert Colwill
|
Batting: SHB Cornell Payne
|
0-0: Called Strike 0-1: Ball 1-1: Ball 2-1: Foul Ball, location: 2F 2-2: Foul Ball, location: 2F 2-2: SINGLE (Groundball, 6MD)
|
Batting: RHB Adrián López
|
0-0: Called Strike Cornell Payne steals 2nd base 0-1: Ball 1-1: Ball 2-1: Ground out 6-3 (Groundball, 6) Cornell Payne to third
|
Batting: RHB Denver Baker
|
0-0: Called Strike 0-1: Ground out 1-3 (Groundball, 13S)
|
Batting: LHB Robbie Turner
|
0-0: Ball 1-0: Foul Ball, location: 2F 1-1: Called Strike 1-2: Ball 2-2: Strikes out swinging
|
Bottom of the 5th over - 0 run(s), 1 hit(s), 0 error(s), 1 left on base; Minnesota 1 - Manhatten 3 |
TOP OF THE 6TH |
Minnesota Death Stars batting - Pitching for Manhatten Meatheads : RHP Iván Maldonado
|
Batting: RHB William Robinson
|
0-0: Swinging Strike 0-1: Swinging Strike 0-2: Strikes out looking
|
Batting: RHB Christian Moss
|
0-0: Ball 1-0: Ball 2-0: Ball 3-0: Swinging Strike 3-1: Foul Ball, location: 2F 3-2: Base on Balls
|
Batting: RHB Raúl Flores
|
0-0: Fly out, F9 (Line Drive, 9)
|
Batting: RHB Kel Weeks
|
0-0: Called Strike 0-1: SINGLE (Line Drive, 8LS) Christian Moss to second
|
Batting: RHB Vaughan Tillman
|
0-0: Called Strike 0-1: Ball 1-1: Foul Ball, location: 2F 1-2: Fly out, F3 (Popup, 3D)
|
Top of the 6th over - 0 run(s), 1 hit(s), 0 error(s), 2 left on base; Minnesota 1 - Manhatten 3 |
BOTTOM OF THE 6TH |
Manhatten Meatheads batting - Pitching for Minnesota Death Stars : RHP Albert Colwill
|
Batting: RHB Craig Chapman
|
0-0: Ball 1-0: Ground out 5-3 (Groundball, 5S)
|
Batting: LHB Miguel Pérez
|
0-0: Called Strike 0-1: Foul Ball, location: 2F 0-2: Ball 1-2: Ball 2-2: Foul Ball, location: 2F 2-2: Ball 3-2: Foul Ball, location: 2F 3-2: Base on Balls
|
Pitching: RHP Esteban Muńóz
|
|
Batting: RHB Ramiro Santana
|
0-0: Called Strike 0-1: Called Strike 0-2: Strikes out swinging
|
Batting: RHB José Esparza
|
0-0: SINGLE (Groundball, 56S) (infield hit) Miguel Pérez to second
|
Batting: RHB Lúcio Sánchez
|
0-0: Foul Ball, location: 2F 0-1: Swinging Strike 0-2: Ball 1-2: Ball 2-2: SINGLE (Line Drive, 9LS) Miguel Pérez to third José Esparza to second Runner from 3rd tries for Home, SAFE, no throw
|
Batting: SHB Cornell Payne
|
0-0: Ball 1-0: Fielders Choice at 2nd, 6-4 (Groundball, 6)
|
Bottom of the 6th over - 1 run(s), 2 hit(s), 0 error(s), 1 left on base; Minnesota 1 - Manhatten 4 |
TOP OF THE 7TH |
Minnesota Death Stars batting - Pitching for Manhatten Meatheads : RHP Iván Maldonado
|
Pitching: LHP Pedro Cruz
|
|
Batting: RHB Sean King
|
0-0: Ball 1-0: SINGLE (Line Drive, 78S)
|
Batting: RHB Pat Bray
|
0-0: Ball 1-0: Fielders Choice at 2nd, 4-6 (Groundball, 34)
|
Batting: RHB Sergio Calderón
|
0-0: Called Strike 0-1: SINGLE (Groundball, 6MD) Pat Bray to second
|
Batting: RHB Mike Wagner
|
0-0: Ball 1-0: Ball 2-0: Called Strike 2-1: Called Strike 2-2: Ball 3-2: TRIPLE (Flyball, 8LD) Pat Bray scores Sergio Calderón scores
|
Batting: RHB William Robinson
|
0-0: Ball 1-0: Fly out, F3 (Popup, 3L)
|
Batting: RHB Christian Moss
|
0-0: Ball 1-0: Swinging Strike 1-1: Foul Ball, location: 2F 1-2: Strikes out swinging
|
Top of the 7th over - 2 run(s), 3 hit(s), 0 error(s), 1 left on base; Minnesota 3 - Manhatten 4 |
BOTTOM OF THE 7TH |
Manhatten Meatheads batting - Pitching for Minnesota Death Stars : RHP Esteban Muńóz
|
Batting: RHB Adrián López
|
0-0: Called Strike 0-1: Ball 1-1: Foul Ball, location: 2F 1-2: Foul Ball, location: 2F 1-2: Strikes out looking
|
Batting: RHB Denver Baker
|
0-0: Called Strike 0-1: Foul Ball, location: 2F 0-2: Fly out, F8 (Flyball, 8LS)
|
Batting: LHB Robbie Turner
|
0-0: Swinging Strike 0-1: Foul Ball, location: 2F 0-2: Foul Ball, location: 2F 0-2: SINGLE (Groundball, 34) (infield hit)
|
Batting: RHB Craig Chapman
|
0-0: Called Strike 0-1: Called Strike 0-2: Ball Throwing error on steal attempt, E2 Robbie Turner to third 1-2: Ball 2-2: Strikes out swinging
|
Bottom of the 7th over - 0 run(s), 1 hit(s), 1 error(s), 1 left on base; Minnesota 3 - Manhatten 4 |
TOP OF THE 8TH |
Minnesota Death Stars batting - Pitching for Manhatten Meatheads : LHP Pedro Cruz
|
Pitching: LHP Gerardo González
|
|
Batting: RHB Raúl Flores
|
0-0: Ball 1-0: Foul Ball, location: 2F 1-1: DOUBLE (Line Drive, 7LM)
|
Batting: RHB Kel Weeks
|
0-0: Sac Bunt - play at first, batter OUT! 3-4 Raúl Flores to third
|
Batting: RHB Vaughan Tillman
|
0-0: Called Strike 0-1: Swinging Strike 0-2: Fly out, F8 (Line Drive, 8RM)
|
Batting: RHB Sean King
|
0-0: Ball 1-0: Swinging Strike 1-1: Swinging Strike 1-2: Ball 2-2: Foul Ball, location: 2F 2-2: Strikes out swinging
|
Top of the 8th over - 0 run(s), 1 hit(s), 0 error(s), 1 left on base; Minnesota 3 - Manhatten 4 |
BOTTOM OF THE 8TH |
Manhatten Meatheads batting - Pitching for Minnesota Death Stars : RHP Esteban Muńóz
|
Batting: LHB Miguel Pérez
|
0-0: Called Strike 0-1: Called Strike 0-2: Strikes out swinging
|
Batting: RHB Ramiro Santana
|
0-0: Ball 1-0: Ball 2-0: Ball 3-0: Base on Balls
|
Batting: RHB José Esparza
|
0-0: SINGLE (Groundball, 6D) Ramiro Santana to second
|
Pinch Hitting: RHB Ismael Hidalgo
|
0-0: Ball Throwing error on steal attempt, E2 Ramiro Santana scores José Esparza to third 1-0: Called Strike 1-1: Ball 2-1: Foul Ball, location: 2F 2-2: Foul Ball, location: 2F 2-2: Ball 3-2: Foul Ball, location: 2F 3-2: Fly out, F9 (Flyball, 9S)
|
Batting: SHB Cornell Payne
|
0-0: Called Strike 0-1: Ball 1-1: Swinging Strike 1-2: SINGLE (Groundball, 4D) José Esparza scores
|
Batting: RHB Adrián López
|
0-0: Foul Ball, location: 2F 0-1: Ball 1-1: Foul Ball, location: 2F 1-2: Foul Ball, location: 2F 1-2: Strikes out swinging
|
Bottom of the 8th over - 2 run(s), 2 hit(s), 1 error(s), 1 left on base; Minnesota 3 - Manhatten 6 |
TOP OF THE 9TH |
Minnesota Death Stars batting - Pitching for Manhatten Meatheads : LHP Gerardo González
|
Pitching: RHP Víctor Vińa
|
|
Now at 1B: Ismael Hidalgo
|
|
Batting: RHB Pat Bray
|
0-0: Foul Ball, location: 2F 0-1: Foul Ball, location: 2F 0-2: Strikes out swinging
|
Batting: RHB Sergio Calderón
|
0-0: Ball 1-0: Called Strike 1-1: Ground out U3 (Groundball, 3)
|
Batting: RHB Mike Wagner
|
0-0: Ball 1-0: Foul Ball, location: 2F 1-1: Foul Ball, location: 2F 1-2: Strikes out swinging
|
Top of the 9th over - 0 run(s), 0 hit(s), 0 error(s), 0 left on base; Minnesota 3 - Manhatten 6 |
|